 Dungeon Crawl Stone Soup version 0.17.0-8-gb983d21 (webtiles) character file.

25 Menchi the Sneak (level 3, -3/21 HPs)
             Began as a Gargoyle Assassin on Nov 5, 2015.
             Slain by Ohli's ghost (8 damage)
             ... on level 3 of the Dungeon on Nov 9, 2015.
             The game lasted 00:05:47 (1764 turns).

Menchi the Sneak (Gargoyle Assassin)                Turns: 1764, Time: 00:05:47

Health: -3/21      AC:  6    Str: 14    XL:     3   Next: 4%
Magic:  3/3        EV: 11    Int: 11    God:
Gold:   37         SH:  0    Dex: 12    Spells: 0 memorised, 2 levels left

rFire  . . .     SeeInvis .     a - +2 dagger
rCold  . . .     Clarity  .     c - +0 robe
rNeg   + . .     SustAt   .     (no shield)
rPois  ∞         Gourm    .     (no helmet)
rElec  +         Spirit   .     d - +0 cloak
rCorr  .         Warding  .     (no gloves)
rMut   .         Stasis   .     (no boots)
MR     .....                    l - amulet of rage
Stlth  +++.......               (no ring)
                                (no ring)

@: not resistant to hostile enchantments, fairly stealthy
A: negative energy resistance 1, electricity resistance, unbreathing,
petrification resistance, rot immunity, AC +3
a: Evoke Berserk Rage


You were on level 3 of the Dungeon.
You were hungry.

You visited 1 branch of the dungeon, and saw 3 of its levels.

You collected 37 gold pieces.

Inventory:

Hand Weapons
 a - a +2 dagger (weapon)
 b - a +0 blowgun
Missiles
 e - 8 poisoned needles
 f - 2 curare-tipped needles
Armour
 c - a +0 robe (worn)
 d - a +0 cloak (worn)
Jewellery
 l - an amulet of rage (around neck)
Wands
 m - a wand of random effects (9)
Scrolls
 h - a scroll of blinking {unknown}
 k - a scroll of remove curse {unknown}
 p - a scroll of magic mapping {unknown}
Potions
 i - a potion of degeneration {unknown}
 n - a potion of poison {unknown}
 o - a potion of agility {unknown}
Comestibles
 g - 2 bread rations


   Skills:
 + Level 2.2 Fighting
 + Level 2.0 Short Blades
 + Level 1.9 Throwing
 + Level 1.0 Dodging
 + Level 5.0 Stealth


You had 2 spell levels left.
You didn't know any spells.

Dungeon Overview and Level Annotations

Branches:
Dungeon (3/15)

Altars:
Ashenzari

Annotations:
D:3 Ohli's ghost, amateur DsMo


Innate Abilities, Weirdness & Mutations

You are resistant to torment.
Your stone body is resilient (AC +3).
You are immune to poison.
You resist negative energy.
You are resistant to electric shocks.
You can survive without breathing.
You are immune to petrification.
You are immune to rotting.


Message History

Ohli's ghost turns its malevolent gaze towards you.
Found a scroll labeled ZOKLIS SOIDE.
You hit Ohli's ghost.
Ohli's ghost is lightly damaged.
The bat closely misses you. Ohli's ghost hits you.
You hit Ohli's ghost.
Ohli's ghost is lightly damaged.
The bat barely misses you. Ohli's ghost hits you.
The giant cockroach closely misses you.
A rat comes into view.
You closely miss Ohli's ghost.
Ohli's ghost is lightly damaged.
The bat hits you but does no damage. Ohli's ghost hits you.
* * * LOW HITPOINT WARNING * * *
The giant cockroach bites you but does no damage.
You hit Ohli's ghost.
Ohli's ghost is moderately damaged.
The bat hits you but does no damage. The giant cockroach barely misses you.
Ohli's ghost hits you!
You die...

... ... .. ..###
..#. ...####....
#.. .......
######.##.......
##.......#.......
#.........s......
..#........@.......
..........wbW.##..?
.#.............##..
###...............
#####.#.<....r..
#.....#####..#
#.w.##.## ...
#....... ..
......##..


You could see a worm, Ohli's ghost, a giant cockroach, a bat and a rat.

Vanquished Creatures
  A worm (D:2)
  2 giant geckos (D:1)
  3 hobgoblins
  3 jackals (D:1)
  A kobold (D:1)
  3 bats
  A giant newt (D:2)
  4 goblins
  3 rats (D:1)
21 creatures vanquished.

Notes
Turn   | Place    | Note
--------------------------------------------------------------
     0 | D:1      | Menchi the Gargoyle Assassin began the quest for the Orb.
     0 | D:1      | Reached XP level 1. HP: 12/12 MP: 1/1
   180 | D:1      | Reached skill level 1 in Dodging
   180 | D:1      | Reached XP level 2. HP: 9/17 MP: 2/2
  1049 | D:1      | Upgraded the game from 0.17-b1-22-g5359643 to 0.17.0-8-gb983d21
  1294 | D:2      | Reached skill level 5 in Stealth
  1537 | D:2      | Found a shattered altar of Ashenzari.
  1587 | D:2      | Reached XP level 3. HP: 21/21 MP: 3/3
  1758 | D:3      | Noticed Ohli's ghost (amateur DsMo)
  1764 | D:3      | Slain by Ohli's ghost

Action                   || total
-------------------------++-------
Melee: Dagger            ||    80
 Stab: Sleeping          ||     3
  Eat: Chunk             ||     2
